 Dungeon Crawl Stone Soup version 0.20-a0-893-g832831a (webtiles) character file.

24124 espais the Devastator (level 12, -4/77 HPs)
             Began as a Deep Elf Conjurer on Mar 16, 2017.
             Was an Elder of Vehumet.
             Killed from afar by Josephine (25 damage)
             ... with a ghostly fireball
             ... on level 11 of the Dungeon.
             The game lasted 00:59:00 (21909 turns).

espais the Devastator (Deep Elf Conjurer)          Turns: 21909, Time: 00:59:01

Health: -4/77      AC:  6    Str:  5    XL:     12   Next: 77%
Magic:  7/28       EV: 19    Int: 26    God:    Vehumet [****..]
Gold:   987        SH: 11    Dex: 24    Spells: 13/32 levels left

rFire    . . .     SeeInvis .   b - staff of conjuration
rCold    . . .     Gourm    .   g - +1 robe
rNeg     . . .     Faith    .   M - +0 buckler
rPois    +         Spirit   .   B - +0 helmet
rElec    .         Reflect  +   f - +0 cloak
rCorr    .         Harm     .   E - +0 pair of fencer's gloves {+Riposte Dex+3}
MR       +....                  (no boots)
Stlth    ++........             y - +5 amulet of reflection
Regen    0.3/turn               o - +6 ring of dexterity
MPRegen  0.3/turn               L - ring of poison resistance

@: heavily drained
A: no striking features
a: Renounce Religion


You were on level 11 of the Dungeon.
You worshipped Vehumet.
Vehumet was greatly pleased with you.
You were not hungry.

You visited 2 branches of the dungeon, and saw 16 of its levels.
You also visited: Sewer.

You collected 987 gold pieces.

Inventory:

Hand Weapons
 a - a +2 dagger of venom
Missiles
 e - 406 stones (quivered)
 x - a throwing net
Armour
 f - a +0 cloak (worn)
 g - a +1 robe (worn)
 B - a +0 helmet (worn)
 E - the +0 pair of fencer's gloves (worn) {+Riposte Dex+3}
   (You found it on level 5 of the Dungeon)

   It affects your dexterity (+3).
 M - a +0 buckler (worn)
Magical Staves
 b - an uncursed staff of conjuration (weapon)
Jewellery
 o - a +6 ring of dexterity (right hand)
 y - a +5 amulet of reflection (around neck)
 K - an uncursed ring of positive energy
 L - a ring of poison resistance (left hand)
Wands
 h - a wand of digging (8/24)
 k - a wand of polymorph (12/24)
 r - a wand of iceblast (5/15)
 s - a wand of lightning (6/15)
 v - a wand of polymorph (6/24)
 z - a wand of acid (9/15)
 J - a wand of disintegration (5/24)
Scrolls
 l - 4 scrolls of remove curse
 p - 2 scrolls of identify
 t - 2 scrolls of enchant armour
 G - 2 scrolls of magic mapping
 O - a scroll of silence {unknown}
 P - a scroll of enchant weapon
Potions
 d - 2 potions of brilliance
 i - a potion of cancellation
 q - 2 potions of agility
 u - 2 potions of haste
 w - 3 potions of flight
 A - 4 potions of lignification
 C - 6 potions of curing
 D - 3 potions of invisibility
 H - a potion of heal wounds
Books
 m - a book of Frost

   Spells                             Type                      Level
   a - Freeze                         Ice                          1
   b - Throw Frost                    Conjuration/Ice              2
   c - Ozocubu's Armour               Charms/Ice                   3
   d - Throw Icicle                   Conjuration/Ice              4
   e - Summon Ice Beast               Ice/Summoning                4
 F - a book of Spatial Translocations

   Spells                             Type                      Level
   a - Blink                          Translocation                2
   b - Shroud of Golubria             Charms/Translocation         2
   c - Lesser Beckoning               Translocation                3
   d - Gell's Gravitas                Translocation                3
   e - Teleport Other                 Translocation                3
   f - Passage of Golubria            Translocation                4
Comestibles
 c - 8 bread rations
 j - 8 fruits
 n - 7 meat rations
 I - 10 royal jellies


   Skills:
 + Level 9.6(7.6) Fighting
 + Level 10.2(8.1) Dodging
 - Level 2.4(0.7) Stealth
 - Level 4.0(2.2) Shields
 - Level 10.5(8.3) Spellcasting
 + Level 15.0(12.7) Conjurations


You had 13 spell levels left.
You knew the following spells:

 Your Spells              Type           Power        Failure   Level  Hunger
a - Magic Dart            Conj           ####         1%          1    None
b - Searing Ray           Conj           ######       1%          2    None
c - Dazzling Spray        Conj/Hex       ######       1%          3    None
d - Iskenderun's Mystic   Conj           #######.     1%          4    ##.....
e - Force Lance           Conj/Tloc      ######..     2%          4    ##.....
f - Stone Arrow           Conj/Erth      ######       1%          3    None
g - Blink                 Tloc           N/A          12%         2    None


Dungeon Overview and Level Annotations

Branches:
Dungeon (11/15)            Temple (0/1) D:4            Lair (5/6) D:8
 Shoals (0/4) Lair:3        Snake (0/4) Lair:3        Slime (0/5) Lair:5
    Orc: D:9-12

Altars:
Cheibriados
Dithmenos
Gozag
Kikubaaqudgha
Makhleb
Okawaru
Ru
Sif Muna
Vehumet
Zin
Jiyva

Shops:
D:5 =   D:9 }

Annotations:
D:4 tarabluh's ghost, amateur TrSu
D:6 Blork the orc
D:7 exclusion: downstairs
D:8 exclusions: ice statue and obsidian statue
D:10 Snorg; moarrgan's ghost, journeyman MiBe
D:11 exclusion: upstairs, Josephine
Lair:4 exclusion: 2 dream sheep


Message History

Casting: Iskenderun's Mystic Blast
Confirm with . or Enter, or press ? or * to list all spells.
Aiming: Iskenderun's Mystic Blast
Press: ? - help, Shift-Dir - straight line, f/p - Josephine
Aim: Josephine, wielding a long sword and wearing a robe (severely wounded)
You feel a surge of power!
The orb of energy hits Josephine.
Josephine is almost dead.
Josephine laughs insanely.
The iguana completely misses you.
Casting: Iskenderun's Mystic Blast
Confirm with . or Enter, or press ? or * to list all spells.
Aiming: Iskenderun's Mystic Blast
Press: ? - help, Shift-Dir - straight line, f/p - Josephine
Aim: Josephine, wielding a long sword and wearing a robe (almost dead)
You feel a surge of power!
The orb of energy hits Josephine.
Josephine is almost dead.
The iguana completely misses you.
Josephine points at you and mumbles some strange words.
The ghostly flame explodes!
The ghostly fireball engulfs you!
You feel drained.
You die...

.###. #.......>. .....
#........# #...
#........###########...
#........##............
#........##............
#....... .'............
#....l####..........##
#....@..##............
#.......##............
#.......##............
#.....................
#.W.@.................
#....W##...##......#..
#.....##...##......#..
#...........#......#..
#..................#..


You could see Josephine, 2 wraiths and an iguana.

Vanquished Creatures
  Harold (D:10)
  5 two-headed ogres
  Nergalle (D:9)
  An oklob plant (Lair:5)
  A centaur zombie (D:11)
  3 black mambas
  2 merfolk sirens (Lair:3)
  9 spiny frogs
  4 komodo dragons
  2 merfolk (Lair:3)
  A meliai (D:9)
  9 blink frogs
  6 hippogriffs
  Sigmund (D:2)
  5 yaks
  A wraith (D:11)
  2 wyverns (Lair:4)
  2 basilisks
  4 nagas (Lair:3)
  2 soldier ants (D:9)
  7 water moccasins
  5 porcupines
  2 hell hounds (D:8)
  5 orc warriors
  4 ice beasts
  A sky beast (D:10)
  2 phantoms
  8 ogres
  6 centaurs
  A big kobold (D:7)
  7 crocodiles
  13 bullfrogs
  A gnoll sergeant (D:9)
  A wyvern skeleton (D:11)
  16 killer bees
  3 wights
  2 howler monkeys
  An electric eel (D:10)
  4 crimson imps
  6 orc wizards
  3 centaur skeletons
  2 bullfrog zombies
  3 hounds
  6 orc priests
  2 jellies
  2 bullfrog skeletons
  3 iguanas
  10 worker ants
  6 hell rats (Lair:5)
  A killer bee zombie (D:5)
  A hound skeleton (D:5)
  A howler monkey zombie (D:9)
  3 worker ant zombies
  8 gnolls
  14 adders
  A river rat (D:3)
  2 shadow imps
  An adder skeleton (D:8)
  3 adder zombies
  A worm (D:3)
  3 dart slugs
  6 leopard geckos
  37 orcs
  4 giant cockroaches
  7 goblins
  7 hobgoblins
  22 jackals
  8 kobolds
  6 quokkas
  2 ball pythons
  10 bats
  5 frilled lizards
  A jackal zombie (D:6)
  A quokka skeleton (D:5)
  6 rats
  A fungus (Lair:3)
356 creatures vanquished.

Vanquished Creatures (others)
  A manticore (D:11)
  A centaur (D:7)
  5 fungi
  A plant (Lair:5)
8 creatures vanquished.

Grand Total: 364 creatures vanquished

Notes
Turn   | Place    | Note
-------+----------+-------------------------------------------
     0 | D:1      | espais the Deep Elf Conjurer began the quest for the Orb.
     0 | D:1      | Reached XP level 1. HP: 10/10 MP: 6/6
   148 | D:1      | Reached XP level 2. HP: 15/15 MP: 0/8
   224 | D:1      | Learned a level 2 spell: Searing Ray
   554 | D:1      | Reached XP level 3. HP: 20/20 MP: 3/10
   656 | D:1      | Reached skill level 1 in Fighting
   964 | D:2      | Learned a level 3 spell: Dazzling Spray
  1017 | D:2      | Reached skill level 5 in Conjurations
  1327 | D:2      | Reached XP level 4. HP: 25/25 MP: 6/12
  1338 | D:2      | Learned a level 4 spell: Iskenderun's Mystic Blast
  1750 | D:2      | Noticed Sigmund
  1767 | D:2      | Killed Sigmund
  1767 | D:2      | Reached skill level 5 in Spellcasting
  1767 | D:2      | Reached skill level 6 in Conjurations
  1767 | D:2      | Reached XP level 5. HP: 23/30 MP: 5/14
  1767 | D:2      | Reached XP level 6. HP: 27/35 MP: 5/15
  2139 | D:3      | Found a burning altar of Makhleb.
  2140 | D:3      | Found a deep blue altar of Sif Muna.
  2285 | D:3      | Learned a level 4 spell: Force Lance
  2367 | D:3      | Found an opulent altar of Gozag.
  2368 | D:3      | Found a radiant altar of Vehumet.
  2421 | D:3      | Found a glowing drain.
  2503 | Sewer    | Entered a sewer
  2785 | D:3      | You fall through a shaft for 3 floors!
  2807 | D:6      | Noticed an ice beast
  2808 | D:6      | Found a sacrificial altar of Ru.
  3249 | D:6      | Reached skill level 7 in Conjurations
  3399 | D:5      | Entered Level 5 of the Dungeon
  3442 | D:4      | Reached XP level 7. HP: 30/40 MP: 7/18
  3656 | D:3      | Became a worshipper of Vehumet
  3947 | D:4      | Found a staircase to the Ecumenical Temple.
  4026 | D:4      | Noticed tarabluh's ghost (amateur TrSu)
  4216 | D:5      | Identified a scroll of acquirement
  4365 | D:5      | Reached skill level 8 in Conjurations
  4543 | D:5      | Reached XP level 8. HP: 46/46 MP: 14/20
  4815 | D:5      | Found Nujefux's Jewellery Boutique.
  5124 | D:6      | Reached skill level 9 in Conjurations
  5336 | D:6      | Reached * piety under Vehumet
  5336 | D:6      | Offered knowledge of Freeze by Vehumet.
  5645 | D:6      | Found a glowing silver altar of Zin.
  5646 | D:6      | Found a snail-covered altar of Cheibriados.
  5673 | D:6      | Noticed Blork the orc
  6253 | D:7      | Found a shadowy altar of Dithmenos.
  6693 | D:7      | Reached skill level 10 in Conjurations
  6818 | D:7      | Reached XP level 9. HP: 52/52 MP: 11/23
  7467 | D:8      | Found a staircase to the Lair.
  7531 | D:8      | Noticed an ice statue
  7659 | D:8      | Noticed an obsidian statue
  7960 | D:8      | Reached skill level 5 in Fighting
  8183 | D:8      | Offered knowledge of Sandblast by Vehumet.
  8451 | D:8      | Reached skill level 11 in Conjurations
  8460 | D:8      | Found an ancient bone altar of Kikubaaqudgha.
  8561 | D:8      | Reached ** piety under Vehumet
  8964 | D:9      | Found Arull's Gadget Shop.
  9380 | D:9      | Found an iron altar of Okawaru.
  9398 | D:9      | Noticed a two-headed ogre
  9589 | D:9      | Killed a two-headed ogre
  9589 | D:9      | Reached skill level 10 in Spellcasting
  9589 | D:9      | Reached skill level 12 in Conjurations
  9589 | D:9      | Reached XP level 10. HP: 60/60 MP: 10/26
 10037 | D:9      | Offered knowledge of Stone Arrow by Vehumet.
 10042 | D:9      | Learned a level 3 spell: Stone Arrow
 10523 | Lair:1   | Entered Level 1 of the Lair of Beasts
 10523 | Lair:1   | Noticed a black mamba
 10525 | Lair:1   | Killed a black mamba
 11847 | Lair:1   | Upgraded the game from 0.20-a0-876-g2c7b0bf to 0.20-a0-893-g832831a
 11886 | Lair:2   | Reached skill level 13 in Conjurations
 12414 | Lair:2   | Reached skill level 5 in Dodging
 12817 | Lair:2   | Reached *** piety under Vehumet
 12817 | Lair:2   | Reached XP level 11. HP: 67/67 MP: 15/27
 13941 | Lair:3   | Found a staircase to the Snake Pit.
 14039 | Lair:3   | Offered knowledge of Static Discharge by Vehumet.
 14224 | Lair:3   | Found a staircase to the Shoals.
 14811 | Lair:4   | Found a burning altar of Makhleb.
 14852 | Lair:4   | Reached skill level 1 in Shields
 15339 | Lair:4   | Reached skill level 14 in Conjurations
 15754 | Lair:4   | Learned a level 2 spell: Blink
 16299 | Lair:5   | Reached XP level 12. HP: 51/75 MP: 4/28
 16699 | Lair:5   | Found a viscous altar of Jiyva.
 16699 | Lair:5   | Found a staircase to the Slime Pits.
 16707 | Lair:5   | Reached **** piety under Vehumet
 17144 | Lair:5   | Offered knowledge of Sticky Flame by Vehumet.
 17415 | D:10     | Entered Level 10 of the Dungeon
 17791 | D:10     | Noticed a two-headed ogre
 17805 | D:10     | Killed a two-headed ogre
 17839 | D:10     | Noticed moarrgan's ghost (journeyman MiBe)
 17918 | D:10     | Noticed Nergalle
 18474 | D:9      | Killed Nergalle
 19436 | D:10     | Noticed Harold
 19443 | D:10     | Killed Harold
 19965 | D:10     | Noticed Snorg
 21095 | D:11     | Noticed a two-headed ogre
 21108 | D:11     | Killed a two-headed ogre
 21274 | D:11     | Noticed a two-headed ogre
 21277 | D:11     | Killed a two-headed ogre
 21295 | D:11     | Reached skill level 10 in Dodging
 21618 | D:11     | Noticed a two-headed ogre
 21623 | D:11     | Killed a two-headed ogre
 21623 | D:11     | Reached skill level 15 in Conjurations
 21905 | D:11     | Noticed Josephine
 21909 | D:11     | Killed from afar by Josephine

Vault maps used:
D:1:      lightli_arrival_boilingwater
D:2:      first_bread, uniq_sigmund
D:3:      nicolae_overflow_hidden_temple, portal_sewer_entry_b
D:4:      lightli_temple_of_fire, minmay_temple_entry_trees
D:5:      serial_shops, kennysheep_little_box, kennysheep_generic_room_8
D:6:      lemuel_round_altar, gammafunk_temple_overflow_statue,
          bh_walls_and_bars, uniq_blork_the_orc
D:7:      basic_altar
D:8:      minmay_separated_statues, kiku_gazebo_garden_becter,
          minmay_lair_entry_lava
D:9:      okawaru_gym_becter, serial_shops, shop, hangedman_pestilent_swarm
D:10:     uniq_nergalle, uniq_harold, uniq_snorg
D:11:     st_stairs_12, uniq_josephine
Lair:2:   lemuel_old_faithful
Lair:3:   elwin_shoals_entry_stream, minmay_snake_entry_guardpost_small,
          st_stairs_5
Lair:4:   basic_altar, minivault_26, beast_lair_carwin_3, uniq_kirke
Lair:5:   slime_altar_1
Sewer:    sewer_big_baddie

Skill      XL: |  1  2  3  4  5  6  7  8  9 10 11 12 |
---------------+-------------------------------------+-----
Fighting       | 1 2 3 4 5 7 8 9 |  9.6
Spellcasting   | 4 5 6 7 8 10 | 10.5
Conjurations   | 5 6 7 8 10 12 13 14 15 | 15.0
Dodging        | 5 8 10 | 10.2
Shields        | 2 4 |  4.0
Stealth        | |  2.4

Action                   |  1- 3 |  4- 6 |  7- 9 | 10-12 || total
-------------------------+-------+-------+-------+-------++-------
Melee: Unarmed           |     2 |       |       |       ||     2
       Dagger            |    14 |    18 |    23 |     7 ||    62
       Staff             |       |       |     3 |    27 ||    30
 Cast: Magic Dart        |    59 |    54 |   137 |   143 ||   393
       Searing Ray       |     3 |    18 |    42 |    24 ||    87
       Dazzling Spray    |       |     2 |    11 |    13 ||    26
       Force Lance       |       |       |     1 |     2 ||     3
       Iskenderun's Myst |       |       |    52 |   161 ||   213
       Stone Arrow       |       |       |       |   163 ||   163
Evoke: Wand              |       |       |       |     5 ||     5
  Use: Scroll            |     4 |     4 |    12 |    10 ||    30
       Potion            |       |       |     1 |     2 ||     3
 Stab: Sleeping          |     2 |     1 |     3 |       ||     6
       Invisible         |       |       |       |     1 ||     1
  Eat: Chunk             |     1 |     5 |    15 |    28 ||    49
       Royal jelly       |       |     1 |       |       ||     1
       Meat ration       |       |       |     1 |       ||     1
       Fruit             |       |       |       |     7 ||     7
       Bread ration      |       |       |       |     1 ||     1
Armor: Robe              |    10 |    17 |    13 |    33 ||    73
Dodge: Dodged            |    24 |    38 |    59 |   152 ||   273
Block: Other             |       |       |    18 |       ||    18
       Reflection        |       |       |     5 |     7 ||    12
       Buckler           |       |       |     3 |   145 ||   148
       Rpst.: Staff      |       |       |     9 |    48 ||    57
